 Dungeon Crawl Stone Soup version 0.17.1-2-g5865329 (webtiles) character file.

128 Grim the Twirler (level 4, -5/37 HPs)
             Began as a Minotaur Gladiator on Jan 27, 2016.
             Slain by Grim's ghost (14 damage)
             ... on level 3 of the Dungeon.
             The game lasted 00:03:40 (2799 turns).

Grim the Twirler (Minotaur Gladiator)               Turns: 2799, Time: 00:03:40

Health: -5/37      AC:  3    Str: 20    XL:     4   Next: 87%
Magic:  3/3        EV: 12    Int:  5    God:
Gold:   135        SH:  0    Dex: 11    Spells: 0 memorised, 3 levels left

rFire  . . .     SeeInvis .     a - +0 quarterstaff
rCold  . . .     Clarity  .     b - +0 leather armour
rNeg   . . .     SustAt   .     (shield currently unavailable)
rPois  .         Gourm    .     c - +0 hat
rElec  .         Spirit   .     (no cloak)
rCorr  .         Warding  .     (no gloves)
rMut   .         Stasis   .     (no boots)
MR     .....                    (no amulet)
Stlth  +.........               (no ring)
                                (no ring)

@: not resistant to hostile enchantments, very unstealthy
A: retaliatory headbutt, horns 2
a: no special abilities


You were on level 3 of the Dungeon.
You were not hungry.

You visited 1 branch of the dungeon, and saw 3 of its levels.

You collected 135 gold pieces.

Inventory:

Hand Weapons
 a - a +0 quarterstaff (weapon)
Missiles
 j - 3 throwing nets (quivered)
 l - 14 poisoned needles
Armour
 b - a +0 leather armour (worn)
 c - a +0 hat (worn)
 p - a +0 plate armour
Jewellery
 d - an uncursed ring of flight {unknown}
Scrolls
 f - 3 scrolls of identify {unknown}
 g - 3 scrolls of remove curse {unknown}
 h - a scroll of blinking {unknown}
Potions
 i - a potion of heal wounds
 k - a potion of curing {unknown}
 m - a potion of agility {unknown}
 n - a potion of lignification {unknown}
 o - a potion of resistance
Comestibles
 e - a bread ration


   Skills:
 - Level 2.4 Fighting
 + Level 6.8 Staves
 - Level 2.0 Throwing
 - Level 3.2 Dodging


You had 3 spell levels left.
You didn't know any spells.

Dungeon Overview and Level Annotations

Branches:
Dungeon (3/15)

Altars:
Okawaru

Annotations:
D:3 Grim's ghost, amateur MiGl


Innate Abilities, Weirdness & Mutations

You reflexively headbutt those who attack you in melee.
You have a pair of horns on your head.


Message History

You hit Grim's ghost but do no damage.
Grim's ghost is lightly damaged.
Grim's ghost closely misses you.
You completely miss Grim's ghost. Your headbutt misses Grim's ghost.
Grim's ghost is lightly damaged.
Grim's ghost barely misses you.
Your leather armour prevents you from hitting Grim's ghost.
Grim's ghost is lightly damaged.
Grim's ghost hits you!
* * * LOW HITPOINT WARNING * * *
You hit Grim's ghost but do no damage.
Grim's ghost is lightly damaged.
Grim's ghost misses you.
You closely miss Grim's ghost. You headbutt Grim's ghost.
Grim's ghost is lightly damaged.
Grim's ghost barely misses you.
You closely miss Grim's ghost. Your headbutt misses Grim's ghost.
Grim's ghost is lightly damaged.
Grim's ghost hits you!
You die...

..........#.#
#####.###.#.# #.#
#.# #.#.# #.#
#.###.#.####.#.#.
#.#..............
#.#........#.#
#.#.#.#.##.#.# ##.#
#.#...#.#..#.#...(#.
#.........@W......
#...#.############
#.###.. #. ... ....
.#


You could see Grim's ghost.

Vanquished Creatures
  Natasha (thrice) (D:2)
  3 gnolls (D:2)
  2 adders (D:2)
  A worm (D:2)
  3 giant cockroaches
  5 goblins
  5 hobgoblins
  4 jackals (D:1)
  5 kobolds (D:1)
  3 quokkas (D:2)
  A ball python (D:1)
  5 bats
  3 giant newts
  4 rats
47 creatures vanquished.

Notes
Turn   | Place    | Note
--------------------------------------------------------------
     0 | D:1      | Grim the Minotaur Gladiator began the quest for the Orb.
     0 | D:1      | Reached XP level 1. HP: 18/18 MP: 0/0
   337 | D:1      | Reached skill level 4 in Staves
   350 | D:1      | You fall through a shaft!
   359 | D:2      | Noticed Natasha
   368 | D:2      | Killed Natasha
   368 | D:2      | Reached skill level 5 in Staves
   368 | D:2      | Reached XP level 2. HP: 6/25 MP: 1/1
   368 | D:2      | Reached XP level 3. HP: 7/30 MP: 2/2
   488 | D:2      | Noticed Natasha
  1243 | D:2      | Killed Natasha
  1366 | D:2      | Reached skill level 6 in Staves
  1366 | D:2      | Reached XP level 4. HP: 34/37 MP: 3/3
  1626 | D:2      | Noticed Natasha
  1634 | D:2      | Killed Natasha
  1819 | D:2      | Found an iron altar of Okawaru.
  2783 | D:3      | Noticed Grim's ghost (amateur MiGl)
  2799 | D:3      | Slain by Grim's ghost

Action                   |  1- 3 |  4- 6 || total
-------------------------+-------+-------++-------
Melee: Quarterstaff      |    45 |    60 ||   105
Throw: Throwing net      |     4 |       ||     4
  Use: Potion            |       |     1 ||     1
  Eat: Chunk             |       |     6 ||     6
